TOP OF THE 1ST |
San Diego Padres batting - Pitching for New York Mets : RHP Pete Redfern
|
Pitching: RHP Pete Redfern
|
|
Batting: RHB Bob Dernier
|
0-0: Fly out, F9 (Flyball, 9, EV 88.1 MPH)
|
Batting: RHB Joel Youngblood
|
0-0: Ball 1-0: Foul Ball, location: 2F 1-1: Swinging Strike 1-2: DOUBLE (Line Drive, 89D, EV 108.1 MPH)
|
Batting: RHB Dennis Dungy
|
0-0: Ball 1-0: Swinging Strike 1-1: Foul Ball, location: 2F 1-2: Ball 2-2: Ball 3-2: Foul Ball, location: 2F 3-2: Foul Ball, location: 2F 3-2: Base on Balls
|
Batting: LHB Jerry McDonald
|
0-0: Foul Ball, location: 2F 0-1: Ball 1-1: Fly out, F8 (Line Drive, 8LD, EV 90.6 MPH) Runner from 2nd tags up, SAFE at 3rd with throw by CF
|
Batting: LHB Eric Attaway
|
0-0: Ball 1-0: Ball 2-0: Called Strike 2-1: Ball 3-1: Base on Balls Dennis Dungy to second
|
Batting: RHB Heriberto Soltero
|
0-0: Called Strike 0-1: Foul Ball, location: 2F 0-2: Ball 1-2: Fly out, F3 (Line Drive, 3, EV 73.8 MPH)
|
Top of the 1st over - 0 runs, 1 hit, 0 errors, 3 left on base; San Diego 0 - New York 0 |
BOTTOM OF THE 1ST |
New York Mets batting - Pitching for San Diego Padres : RHP Brian Allard
|
Pitching: RHP Brian Allard
|
|
Batting: RHB Dave Concepcion
|
0-0: Ball 1-0: Ball 2-0: SINGLE (Groundball, 6S, EV 69.4 MPH) (infield hit)
|
Batting: LHB John Kruk
|
0-0: Ball 1-0: Called Strike 1-1: Called Strike 1-2: Fly out, F8 (Line Drive, 8RM, EV 95.0 MPH)
|
Batting: LHB Lyman Bostock
|
0-0: Called Strike 0-1: Ball Wild Pitch! Dave Concepcion to second 1-1: Ball 2-1: Swinging Strike 2-2: Ball 3-2: Foul Ball, location: 2F 3-2: Ground out 5-3 (Groundball, 5S, EV 93.1 MPH)
|
Batting: RHB Garry Maddox
|
0-0: Swinging Strike 0-1: Ball 1-1: Foul Ball, location: 2F 1-2: Strikes out looking
|
Bottom of the 1st over - 0 runs, 1 hit, 0 errors, 1 left on base; San Diego 0 - New York 0 |
TOP OF THE 2ND |
San Diego Padres batting - Pitching for New York Mets : RHP Pete Redfern
|
Batting: LHB Darrell Porter
|
0-0: Ball 1-0: Fly out, F8 (Flyball, 8LD, EV 90.6 MPH)
|
Batting: LHB Jeffrey Zitek
|
0-0: Foul Ball, location: 2F 0-1: Ball 1-1: Ball 2-1: Foul Ball, location: 2F 2-2: Strikes out swinging
|
Batting: RHB Brian Allard
|
0-0: Swinging Strike 0-1: Called Strike 0-2: Strikes out looking
|
Top of the 2nd over - 0 runs, 0 hits, 0 errors, 0 left on base; San Diego 0 - New York 0 |
BOTTOM OF THE 2ND |
New York Mets batting - Pitching for San Diego Padres : RHP Brian Allard
|
Batting: SHB Ken Singleton
|
0-0: Swinging Strike 0-1: Fly out, F9 (Line Drive, 9D, EV 87.5 MPH)
|
Batting: RHB Rick Burleson
|
0-0: Ball 1-0: Foul Ball, location: 2F 1-1: Ball 2-1: Ball 3-1: Ground out 4-3 (Groundball, 4S, EV 76.3 MPH)
|
Batting: RHB Bill Almon
|
0-0: Ball 1-0: Called Strike 1-1: Foul Ball, location: 2F 1-2: Ground out 6-3 (Groundball, 6, EV 111.3 MPH)
|
Bottom of the 2nd over - 0 runs, 0 hits, 0 errors, 0 left on base; San Diego 0 - New York 0 |
TOP OF THE 3RD |
San Diego Padres batting - Pitching for New York Mets : RHP Pete Redfern
|
Batting: RHB Bob Dernier
|
0-0: Ball 1-0: Ball 2-0: Ball 3-0: Called Strike 3-1: SINGLE (Groundball, 34S, EV 71.3 MPH) (infield hit)
|
Batting: RHB Joel Youngblood
|
0-0: Swinging Strike 0-1: Swinging Strike 0-2: Ball 1-2: Ball 2-2: Foul Ball, location: 2F 2-2: Foul Ball, location: 2F 2-2: Ground out U3 (Groundball, 3S, EV 65.6 MPH) Bob Dernier to second
|
Batting: RHB Dennis Dungy
|
0-0: Ball Bob Dernier steals 3rd base 1-0: Swinging Strike 1-1: Ball 2-1: Ball 3-1: Foul Ball, location: 2F 3-2: Strikes out swinging
|
Batting: LHB Jerry McDonald
|
0-0: Fly out, F4 (Popup, 23, EV 86.3 MPH)
|
Top of the 3rd over - 0 runs, 1 hit, 0 errors, 1 left on base; San Diego 0 - New York 0 |
BOTTOM OF THE 3RD |
New York Mets batting - Pitching for San Diego Padres : RHP Brian Allard
|
Batting: RHB Jason Sickman
|
0-0: SINGLE (Line Drive, 89M, EV 93.1 MPH)
|
Batting: RHB Pete Redfern
|
0-0: Bunted foul 0-1: Sac Bunt to 2R - play at first, batter OUT! 2-4 Jason Sickman to second
|
Batting: RHB Dave Concepcion
|
0-0: SINGLE (Line Drive, 4D, EV 94.4 MPH) Jason Sickman to third Runner from 3rd tries for Home, SAFE, throw by CF to home
|
Batting: LHB John Kruk
|
0-0: Called Strike 0-1: Ball 1-1: Swinging Strike 1-2: Ball 2-2: Foul Ball, location: 2F 2-2: Strikes out swinging
|
Batting: LHB Lyman Bostock
|
0-0: Ball 1-0: Reached on error, E4 (Groundball, 34D, EV 87.5 MPH) Dave Concepcion to third
|
Batting: RHB Garry Maddox
|
0-0: Ball 1-0: Foul Ball, location: 2F 1-1: Ball 2-1: Foul Ball, location: 2F 2-2: Foul Ball, location: 2F 2-2: Ball 3-2: SINGLE (Flyball, 89S, EV 95.0 MPH) Dave Concepcion scores Lyman Bostock to third Lyman Bostock scores
|
Batting: SHB Ken Singleton
|
0-0: Foul Ball, location: 2F 0-1: Fly out, F6 (Flyball, 56D, EV 91.3 MPH)
|
Bottom of the 3rd over - 3 runs, 3 hits, 1 error, 1 left on base; San Diego 0 - New York 3 |
TOP OF THE 4TH |
San Diego Padres batting - Pitching for New York Mets : RHP Pete Redfern
|
Batting: LHB Eric Attaway
|
0-0: Foul Ball, location: 2F 0-1: Ground out U3 (Groundball, 3, EV 82.5 MPH)
|
Batting: RHB Heriberto Soltero
|
0-0: Fly out, F4 (Popup, 4M, EV 77.5 MPH)
|
Batting: LHB Darrell Porter
|
0-0: Ball 1-0: Ball 2-0: Ball 3-0: Called Strike 3-1: Base on Balls
|
Batting: LHB Jeffrey Zitek
|
0-0: Called Strike 0-1: Fly out, F7 (Line Drive, 7, EV 94.4 MPH)
|
Top of the 4th over - 0 runs, 0 hits, 0 errors, 1 left on base; San Diego 0 - New York 3 |
BOTTOM OF THE 4TH |
New York Mets batting - Pitching for San Diego Padres : RHP Brian Allard
|
Batting: RHB Rick Burleson
|
0-0: Ground out 4-3 (Groundball, 34, EV 101.9 MPH)
|
Batting: RHB Bill Almon
|
0-0: Ball 1-0: Called Strike 1-1: Called Strike 1-2: Ground out 6-3 (Groundball, 56, EV 90.0 MPH)
|
Batting: RHB Jason Sickman
|
0-0: Foul Ball, location: 2F 0-1: Foul Ball, location: 2F 0-2: Reached on error, E2 (Groundball, 13S, EV 72.5 MPH)
|
Batting: RHB Pete Redfern
|
0-0: Ball 1-0: Ball 2-0: Ball 3-0: Called Strike 3-1: Fly out, F8 (Flyball, 8RM, EV 96.3 MPH)
|
Bottom of the 4th over - 0 runs, 0 hits, 1 error, 1 left on base; San Diego 0 - New York 3 |
TOP OF THE 5TH |
San Diego Padres batting - Pitching for New York Mets : RHP Pete Redfern
|
Batting: RHB Brian Allard
|
0-0: Called Strike 0-1: Ball 1-1: Ball 2-1: Ball 3-1: Ground out 5-3 (Groundball, 56, EV 91.9 MPH)
|
Batting: RHB Bob Dernier
|
0-0: Foul Ball, location: 2F 0-1: Ball 1-1: Called Strike 1-2: Foul Ball, location: 2F 1-2: Ball 2-2: Fly out, F3 (Line Drive, 3, EV 68.8 MPH)
|
Batting: RHB Joel Youngblood
|
0-0: Called Strike 0-1: Ball 1-1: Ball 2-1: Called Strike 2-2: Fly out, F4 (Popup, 34, EV 71.9 MPH)
|
Top of the 5th over - 0 runs, 0 hits, 0 errors, 0 left on base; San Diego 0 - New York 3 |
BOTTOM OF THE 5TH |
New York Mets batting - Pitching for San Diego Padres : RHP Brian Allard
|
Batting: RHB Dave Concepcion
|
0-0: Swinging Strike 0-1: Called Strike 0-2: Fly out, F4 (Line Drive, 4, EV 76.3 MPH)
|
Batting: LHB John Kruk
|
0-0: Ball 1-0: Ball 2-0: Called Strike 2-1: Ball 3-1: Bunt missed! 3-2: Ground out U3 (Groundball, 3, EV 83.8 MPH)
|
Batting: LHB Lyman Bostock
|
0-0: Called Strike 0-1: Ball 1-1: Ball 2-1: Foul Ball, location: 2F 2-2: Ground out U3 (Groundball, 3S, EV 69.4 MPH)
|
Bottom of the 5th over - 0 runs, 0 hits, 0 errors, 0 left on base; San Diego 0 - New York 3 |
TOP OF THE 6TH |
San Diego Padres batting - Pitching for New York Mets : RHP Pete Redfern
|
Batting: RHB Dennis Dungy
|
0-0: Ball 1-0: Foul Ball, location: 2F 1-1: Ball 2-1: Ball 3-1: Foul Ball, location: 2F 3-2: Ground out 5-3 (Groundball, 5D, EV 80.6 MPH)
|
Batting: LHB Jerry McDonald
|
0-0: Ball 1-0: Swinging Strike 1-1: Ground out 6-3 (Groundball, 6M, EV 84.4 MPH)
|
Batting: LHB Eric Attaway
|
0-0: Fly out, F2 (Popup, 23F, EV 91.9 MPH)
|
Top of the 6th over - 0 runs, 0 hits, 0 errors, 0 left on base; San Diego 0 - New York 3 |
BOTTOM OF THE 6TH |
New York Mets batting - Pitching for San Diego Padres : RHP Brian Allard
|
Batting: RHB Garry Maddox
|
0-0: Ball 1-0: Called Strike 1-1: Fly out, F4 (Popup, 4, EV 51.9 MPH)
|
Batting: SHB Ken Singleton
|
0-0: Ball 1-0: Ball 2-0: Foul Ball, location: 2F 2-1: Ball 3-1: Base on Balls
|
Batting: RHB Rick Burleson
|
0-0: Ball 1-0: Foul Ball, location: 2F 1-1: SINGLE (Groundball, 4D, EV 103.1 MPH) Ken Singleton to second
|
Batting: RHB Bill Almon
|
0-0: Called Strike 0-1: Ball 1-1: Ball 2-1: Called Strike 2-2: Foul Ball, location: 2F 2-2: Foul Ball, location: 2F 2-2: Strikes out swinging
|
Batting: RHB Jason Sickman
|
0-0: Ball 1-0: Ball 2-0: Ball 3-0: Base on Balls Ken Singleton to third Rick Burleson to second
|
Batting: RHB Pete Redfern
|
0-0: Called Strike 0-1: Ball 1-1: Called Strike 1-2: Strikes out swinging
|
Bottom of the 6th over - 0 runs, 1 hit, 0 errors, 3 left on base; San Diego 0 - New York 3 |
TOP OF THE 7TH |
San Diego Padres batting - Pitching for New York Mets : RHP Pete Redfern
|
Batting: RHB Heriberto Soltero
|
0-0: Ball 1-0: SINGLE (Line Drive, 7S, EV 110.6 MPH)
|
Batting: LHB Darrell Porter
|
0-0: Ball 1-0: Swinging Strike 1-1: Foul Ball, location: 2F 1-2: Ball 2-2: Fielders Choice at 2nd, 5-4 (Groundball, 5, EV 103.8 MPH)
|
Batting: LHB Jeffrey Zitek
|
0-0: Called Strike 0-1: Swinging Strike 0-2: Strikes out swinging
|
Pinch Hitting: LHB Chris Chambliss
|
0-0: Ball 1-0: SINGLE (Flyball, 8LS, EV 90.6 MPH) Darrell Porter to second Runner from 2nd tries for 3rd, SAFE, throw by CF made to third
|
Batting: RHB Bob Dernier
|
0-0: Fly out, F9 (Flyball, 9D, EV 100.6 MPH)
|
Top of the 7th over - 0 runs, 2 hits, 0 errors, 2 left on base; San Diego 0 - New York 3 |
BOTTOM OF THE 7TH |
New York Mets batting - Pitching for San Diego Padres : RHP Brian Allard
|
Pitching: LHP Jack W O'Connor
|
|
Batting: RHB Dave Concepcion
|
0-0: Ball 1-0: Fly out, F8 (Flyball, 78D, EV 88.1 MPH)
|
Batting: LHB John Kruk
|
0-0: TRIPLE (Flyball, 89XD, EV 98.1 MPH)
|
Batting: LHB Lyman Bostock
|
0-0: Foul Ball, location: 2F 0-1: Fly out, F8 (Line Drive, 8RD, EV 90.0 MPH) Runner from 3rd tags up, SCORES, no throw by CF
|
Batting: RHB Garry Maddox
|
0-0: Called Strike 0-1: Ball 1-1: SINGLE (Groundball, 34D, EV 97.5 MPH)
|
Batting: SHB Ken Singleton
|
0-0: Ball 1-0: Called Strike 1-1: Ball 2-1: Called Strike 2-2: Strikes out looking
|
Bottom of the 7th over - 1 run, 2 hits, 0 errors, 1 left on base; San Diego 0 - New York 4 |
TOP OF THE 8TH |
San Diego Padres batting - Pitching for New York Mets : RHP Pete Redfern
|
Batting: RHB Joel Youngblood
|
0-0: Ball 1-0: Swinging Strike 1-1: Fly out, F4 (Flyball, 4D, EV 87.5 MPH)
|
Batting: RHB Dennis Dungy
|
0-0: Ball 1-0: Ground out 6-3 (Groundball, 6, EV 92.5 MPH)
|
Batting: LHB Jerry McDonald
|
0-0: Called Strike 0-1: Ball 1-1: Ground out 4-3 (Groundball, 4, EV 104.4 MPH)
|
Top of the 8th over - 0 runs, 0 hits, 0 errors, 0 left on base; San Diego 0 - New York 4 |
BOTTOM OF THE 8TH |
New York Mets batting - Pitching for San Diego Padres : LHP Jack W O'Connor
|
Batting: RHB Rick Burleson
|
0-0: Ball 1-0: Ground out 5-3 (Groundball, 56S, EV 68.8 MPH)
|
Batting: RHB Bill Almon
|
0-0: Ball 1-0: Called Strike 1-1: Called Strike 1-2: Ball 2-2: TRIPLE (Flyball, 89XD, EV 101.9 MPH)
|
Batting: RHB Jason Sickman
|
0-0: Foul Ball, location: 2F 0-1: Reached on error, E7 (Flyball, 7S, EV 90.0 MPH) Bill Almon scores
|
Batting: RHB Pete Redfern
|
0-0: Sac Bunt to 3S - play at first, batter OUT! 3-4 Jason Sickman to second
|
Batting: RHB Dave Concepcion
|
0-0: Ball 1-0: Called Strike 1-1: Called Strike 1-2: Ball 2-2: Fly out, F8 (Flyball, 8LS, EV 81.9 MPH)
|
Bottom of the 8th over - 1 run, 1 hit, 1 error, 1 left on base; San Diego 0 - New York 5 |
TOP OF THE 9TH |
San Diego Padres batting - Pitching for New York Mets : RHP Pete Redfern
|
Batting: LHB Eric Attaway
|
0-0: Swinging Strike 0-1: Ball 1-1: Reached on error, E2 (Groundball, 13S, EV 68.8 MPH)
|
Pitching: RHP Nolan Ryan
|
|
Batting: RHB Heriberto Soltero
|
0-0: Foul Ball, location: 2F 0-1: Ball 1-1: Fielders Choice at 2nd, 5-4 (Groundball, 56, EV 105.0 MPH)
|
Batting: LHB Darrell Porter
|
0-0: Swinging Strike 0-1: Ball 1-1: Fielders Choice at 2nd, 3-6 (Groundball, 3, EV 89.4 MPH)
|
Batting: LHB Jeffrey Zitek
|
0-0: Called Strike 0-1: Ball 1-1: Fielders Choice at 2nd, 6-4 (Groundball, 6, EV 87.5 MPH)
|
Top of the 9th over - 0 runs, 0 hits, 1 error, 1 left on base; San Diego 0 - New York 5 |
|